 Dungeon Crawl Stone Soup version 0.27.1-33-g824d729ab1 (webtiles) character file.

Game seed: 12270272550201690013

3518 raph the Geomancer (level 9, -1/51 HPs)
             Began as a Deep Elf Earth Elementalist on Nov 25, 2021.
             Was an Elder of Zin.
             Slain by Harold (30 damage)
             ... on level 8 of the Dungeon.
             The game lasted 00:17:29 (9699 turns).

raph the Geomancer (Deep Elf Earth Elementalist)    Turns: 9699, Time: 00:17:30

Health: -1/51      AC:  5    Str: 11    XL:     9   Next: 81%
Magic:  15/19      EV: 14    Int: 30    God:    Zin [****..]
Gold:   410        SH:  0    Dex: 15    Spells: 9/19 levels left

rFire    . . .     SeeInvis .   t - +0 lajatang
rCold    . . .     Faith    .   (shield currently unavailable)
rNeg     . . .     Spirit   .   b - +1 robe
rPois    .         Reflect  .   (no helmet)
rElec    .         Harm     .   p - +1 cloak
rCorr    .         Rampage  .   (no gloves)
Will     .....                  (no boots)
Stlth    +++.......             v - amulet of magic regeneration
HPRegen  0.17/turn              f - +6 ring of intelligence
MPRegen  0.41/turn              B - +6 ring of strength

@: marked, on recite cooldown
A: no striking features
a: Renounce Religion, Recite, Vitalisation, Imprison, Donate Gold


You were on level 8 of the Dungeon.
You worshipped Zin.
Zin was greatly pleased with you.
You visited 2 branches of the dungeon, and saw 9 of its levels.

You collected 455 gold pieces.
You donated 45 gold pieces to Zin.

Inventory:

Hand Weapons
 e - a +0 short sword
 h - a +1 whip of electrocution
 k - a +0 morningstar
 l - a +0 dagger of venom
 t - a +0 lajatang (weapon)
 x - the +2 hand axe of the Hidden Artisans {freeze, rPois Dex+4}
   (You took it off an orc on level 6 of the Dungeon)

   It freezes those it strikes, dealing additional cold damage.
   It can also slow down cold-blooded creatures.
   Dex:       It affects your dexterity (+4).
   rPois:     It protects you from poison.
 y - a +6 battleaxe of freezing
Missiles
 c - 107 stones
 q - 9 curare-tipped darts
 u - a throwing net
Armour
 b - a +1 robe (worn)
 p - a +1 cloak (worn)
Jewellery
 f - a +6 ring of intelligence (left hand)
 v - an amulet of magic regeneration (around neck)
 B - a +6 ring of strength (right hand)
 C - an amulet of regeneration
 D - a ring of positive energy
Wands
 i - a wand of flame (26)
 o - a wand of digging (7)
 r - a wand of iceblast (2)
 A - a wand of charming (11)
Scrolls
 d - 2 scrolls of teleportation
 E - a scroll of fog
 F - 2 scrolls of identify
Potions
 a - 3 potions of curing
 g - a potion of invisibility
 j - a potion of mutation {unknown}
 m - a potion of brilliance
 n - a potion of ambrosia {unknown}
 s - 2 potions of flight
 w - 2 potions of might
 z - a potion of lignification {unknown}


   Skills:
 + Level 3.3 Fighting
 + Level 5.5 Dodging
 + Level 5.5 Stealth
 + Level 5.7 Spellcasting
 * Level 7.3 Conjurations
 - Level 1.1 Transmutations
 - Level 2.3 Fire Magic
 * Level 9.2 Earth Magic
 * Level 4.5 Invocations


You had 9 spell levels left.
You knew the following spells:

 Your Spells              Type           Power      Damage    Failure   Level
a - Sandblast             Erth           100%       2d20      1%          1
b - Passwall              Tmut/Erth      32%        N/A       1%          2
c - Stone Arrow           Conj/Erth      100%       3d13      1%          3
d - Sticky Flame          Conj/Fire      37%        2d6       8%          4

Your spell library contained the following spells:

 Spells                   Type           Power      Damage    Failure   Level
 Conjure Flame            Conj/Fire      37%        6-21      2%          3
 Petrify                  Tmut/Erth      39%        N/A       6%          4
 Sublimation of Blood     Necr           4%         N/A       9%          2
 Ignite Poison            Fire/Tmut/Pois 15%        N/A       10%         3
 Ozocubu's Armour         Ice            8%         N/A       16%         3
 Irradiate                Conj/Tmut      16%        3d18      26%         5
 Ozocubu's Refrigeration  Ice            4%         4d5       100%        7


Dungeon Overview and Level Annotations

Branches:
Dungeon (8/15)             Temple (1/1) D:6
   Lair: D:8-11

Altars:
Ashenzari
Cheibriados
Dithmenos
Fedhas
Gozag
Hepliaklqana
Makhleb
Nemelex Xobeh
Okawaru
Qazlal
Ru
Uskayaw
Vehumet
Wu Jian
Xom
Yredelemnul
Zin
The Shining One

Annotations:
D:4 Grinder
D:8 Harold, Maurice


Message History

The kobold shouts!
You struggle against the net. "...upon those who were not reverent."
You finish reciting Anathema 4:12.
Harold drinks a potion.
Harold seems to grow stronger.
You rip the net and break free!
Harold closely misses you.
The kobold is lost in a daze.
Aiming: Sandblast (safe; 1% risk of failure)
Press: ? - help, Q - select action, (/) - cycle Shift-Dir - straight line, f - kobold
Aim: a kobold, wielding a +0 dagger (confused, 92% to hit)
The blast of sand hits the kobold!!
You kill the kobold!
Harold hits you from afar with a +0 trident.
The kobold is lost in a daze.
Aiming: Sandblast (safe; 1% risk of failure)
Press: ? - help, Q - select action, (/) - cycle Shift-Dir - straight line, f - Harold
Aim: Harold, wielding a +0 trident and wearing a +0 chain mail (strong, 92% to hit)
The blast of sand hits Harold!!
Harold is moderately wounded.
Harold hits you from afar with a +0 trident!
Aiming: Sandblast (safe; 1% risk of failure)
Press: ? - help, Q - select action, (/) - cycle Shift-Dir - straight line, f/p - Harold
Aim: Harold, wielding a +0 trident and wearing a +0 chain mail (moderately wounded, strong, 92% to hit)
The blast of sand hits Harold!
Harold is heavily wounded.
Harold closely misses you.
Aiming: Sandblast (safe; 1% risk of failure)
Press: ? - help, Q - select action, (/) - cycle Shift-Dir - straight line, f/p - Harold
Aim: Harold, wielding a +0 trident and wearing a +0 chain mail (heavily wounded, strong, 92% to hit)
The blast of sand misses Harold.
Harold points at you and mumbles some strange words.
A sentinel's mark forms upon you.
Aiming: Sandblast (safe; 1% risk of failure)
Press: ? - help, Q - select action, (/) - cycle Shift-Dir - straight line, f/p - Harold
Aim: Harold, wielding a +0 trident and wearing a +0 chain mail (heavily wounded, strong, 92% to hit)
The blast of sand hits Harold!!
Harold is severely wounded.
Harold hits you from afar with a +0 trident!!
Ouch! That really hurt!
You die...

# #.........#.###
.)...###....
....##....##.......#
#........
#.......####...#.##
#........ ####.#.###
##..#..# #.####.## ...#.@.##
##....## ##.# ##.#
KK.....#).# #.#...###..#
#..#
K..K..##.##)####.....##..##
#.## K.K...
#...))K@.##......## #.#
......#####.###.@#....#.#
#.#
..............)..##.....#
#.#
######.#######.....#####.###
#.# #...##.##......#
#.######.#.##......)..#
###........#.##..........
#....#######.#####.......
##.##.# #....... ###..##.#..
.....[..#


You could see Harold (strong) and a kobold (dazed).

Vanquished Creatures
  Pikel (D:6)
  Menkaure (D:6)
  A steam dragon (D:8)
  A water moccasin (D:7)
  3 ice beasts
  A black bear (D:7)
  3 sky beasts
  A hornet zombie (D:7)
  A necrophage (D:5)
  3 ogres
  A centaur (D:6)
  A lemure (D:6)
  3 bullfrogs
  A kobold brigand (D:8)
  Blork the orc (D:6)
  2 scorpions
  A wight (D:6)
  3 centaur zombies
  2 orc priests
  3 bullfrog skeletons
  2 centaur skeletons (D:6)
  A jelly (D:6)
  3 hounds
  2 orc wizards (D:7)
  A killer bee zombie (D:6)
  2 hound skeletons
  A mummy (D:4)
  A howler monkey skeleton (D:7)
  4 adders
  4 gnolls
  A shadow imp (D:3)
  3 ufetubi
  A worm (D:4)
  2 dart slugs
  18 orcs
  4 bats
  5 endoplasms
  A giant cockroach (D:2)
  4 goblins
  5 hobgoblins
  2 jackals (D:3)
  19 kobolds
  3 quokkas
  5 ball pythons
  2 frilled lizards
  2 hobgoblin zombies (D:4)
  A kobold zombie (D:4)
  An orc zombie (D:4)
  5 rats
139 creatures vanquished.

Vanquished Creatures (others)
  4 plants (D:5)
4 creatures vanquished.

Grand Total: 143 creatures vanquished

Notes
Turn   | Place    | Note
-------+----------+-------------------------------------------
     0 | D:1      | raph the Deep Elf Earth Elementalist began the quest for
                  | the Orb.
     0 | D:1      | Reached XP level 1. HP: 10/10 MP: 6/6
   436 | D:1      | Found a faded altar of an unknown god.
   459 | D:1      | Reached XP level 2. HP: 15/15 MP: 6/8
   462 | D:1      | Learned a level 2 spell: Passwall
   493 | D:1      | Reached skill level 4 in Earth Magic
  1736 | D:2      | Reached XP level 3. HP: 19/19 MP: 7/9
  1740 | D:2      | Learned a level 3 spell: Stone Arrow
  2189 | D:2      | Found a snail-covered altar of Cheibriados.
  2489 | D:2      | Reached skill level 1 in Conjurations
  2606 | D:2      | Reached skill level 5 in Earth Magic
  2654 | D:2      | Reached XP level 4. HP: 24/24 MP: 6/10
  4047 | D:4      | Noticed an ogre
  4052 | D:4      | Killed an ogre
  4053 | D:4      | Reached XP level 5. HP: 28/28 MP: 4/11
  4249 | D:4      | Noticed Grinder
  4280 | D:5      | Entered Level 5 of the Dungeon
  4325 | D:5      | Noticed a necrophage
  4328 | D:5      | Killed a necrophage
  4329 | D:5      | Reached skill level 6 in Earth Magic
  4329 | D:5      | Reached XP level 6. HP: 32/32 MP: 4/12
  4334 | D:5      | Learned a level 4 spell: Sticky Flame
  4426 | D:5      | Reached skill level 1 in Fire Magic
  4618 | D:5      | Found a shimmering altar of Xom.
  4620 | D:5      | Found a shimmering altar of Xom.
  4620 | D:5      | Found a stormy altar of Qazlal.
  4622 | D:5      | Found an ancient bone altar of Kikubaaqudgha.
  4622 | D:5      | Found an opulent altar of Gozag.
  4622 | D:5      | Found a sparkling altar of Nemelex Xobeh.
  4725 | D:5      | Noticed an ice beast
  4727 | D:5      | Killed an ice beast
  4749 | D:5      | Noticed an ice beast
  4758 | D:5      | Found a basalt altar of Yredelemnul.
  4761 | D:5      | Killed an ice beast
  4762 | D:5      | Reached skill level 1 in Fighting
  4762 | D:5      | Reached XP level 7. HP: 38/38 MP: 8/13
  4846 | D:5      | Found an opulent altar of Gozag.
  5064 | D:5      | Reached skill level 7 in Earth Magic
  5257 | D:5      | Identified the +6 tower shield "Qiym" {rPois Str+4 Int-4}
  6734 | D:6      | Noticed Menkaure
  6738 | D:6      | Killed Menkaure
  6739 | D:6      | Reached skill level 5 in Conjurations
  6739 | D:6      | Reached XP level 8. HP: 44/44 MP: 10/15
  6835 | D:6      | Found a staircase to the Ecumenical Temple.
  6876 | Temple   | Entered the Ecumenical Temple
  7131 | Temple   | Became a worshipper of Zin the Law-Giver
  7131 | Temple   | Reached * piety under Zin
  7485 | D:6      | Reached ** piety under Zin
  7517 | D:6      | Noticed Pikel
  7628 | D:6      | Killed Pikel
  7629 | D:6      | Reached skill level 8 in Earth Magic
  7709 | D:6      | Identified the +2 hand axe of the Hidden Artisans {freeze,
                  | rPois Dex+4}
  8037 | D:6      | Noticed Blork the orc
  8039 | D:6      | Killed Blork the orc
  8040 | D:6      | Reached XP level 9. HP: 49/49 MP: 13/18
  8159 | D:6      | Found a broken altar of Ashenzari.
  8717 | D:7      | Reached *** piety under Zin
  8723 | D:7      | Reached skill level 5 in Spellcasting
  8944 | D:7      | Reached skill level 5 in Dodging
  9054 | D:7      | Reached skill level 5 in Stealth
  9312 | D:7      | Reached **** piety under Zin
  9486 | D:8      | Noticed Maurice
  9495 | D:8      | Reached skill level 9 in Earth Magic
  9510 | D:8      | Found an iron altar of Okawaru.
  9683 | D:8      | Noticed Harold
  9699 | D:8      | Slain by Harold

Illustrated notes

Levels and vault maps discovered:
D:1:      amcnicky_arrival_flooded_fountain, layout_basic,
          ebering_ecumenical_altar_box
D:2:      layout_basic, basic_altar, minmay_tetromino_i2
D:3:      layout_loops_cross
D:4:      layout_basic, minmay_mini_ossuary, uniq_grinder
D:5:      layout_loops_corners, doesnt_xom_only_xom,
          mainiacjoe_overflow_chevrons, mainiacjoe_overflow_catwalk,
          minmay_diced_spiral
D:6:      layout_gridville, evilmike_ruin_ashenzari, minmay_temple_entry_waves,
          hangedman_minor_gate_pass, uniq_pikel, uniq_blork_the_orc,
          uniq_menkaure
D:7:      layout_loops_ring
D:8:      layout_rooms, okawaru_gym_becter, nicolae_sif_muna_little_library,
          uniq_maurice, uniq_grum, uniq_harold
Temple:   nicolae_temple_figure_eight

Skill      XL: |  1  2  3  4  5  6  7  8  9 |
---------------+----------------------------+-----
Earth Magic    | 4 5 6 7 8 9 |  9.2
Conjurations   | 1 3 4 5 6 7 |  7.3
Fire Magic     | 2 |  2.3
Fighting       | 1 2 3 |  3.3
Dodging        | 3 4 5 |  5.5
Stealth        | 3 4 5 |  5.5
Spellcasting   | 4 5 |  5.7
Invocations    | 2 4 |  4.5
Transmutations | |  1.1

Action                   |  1- 3 |  4- 6 |  7- 9 || total
-------------------------+-------+-------+-------++-------
Melee: Unarmed           |     1 |       |       ||     1
       Short sword       |     1 |       |       ||     1
 Cast: Sandblast         |    42 |    22 |    74 ||   138
       Passwall          |     3 |       |     4 ||     7
       Stone Arrow       |     7 |    25 |    56 ||    88
Invok: Recite            |       |       |     2 ||     2
  Use: Scroll            |     5 |     2 |     8 ||    15
Armor: Robe              |     6 |     1 |     9 ||    16
Dodge: Dodged            |    16 |     2 |    22 ||    40
